AoeStats
← [KMNB] Bandeira

Lombardia

509858823Analyzed
3v3 RM · 4d ago on Sep 28, 2026· 48m 26s· 6 players
Game mode
Random Map
Map size
Normal (6 player)
Population
200
Speed
Normal
Resources
Standard
Victory
Conquest
Starting age
Dark Age
Ending age
Imperial Age
RankedLock teamsTeams togetherTeam positionsShared explorationLock speedFull tech treeHidden civsTurbo modeCheats
Victory
Defeat
🇦🇲 Mapuche · Armenia
1578
+15
🇹🇷 Koreans · Türkiye
1525
+17
🇦🇺 Byzantines · Australia
1506
+17
🇧🇷 Varangians · Brazil
1589
-18
🇧🇷 Saracens · Brazil
1540
-16
🇧🇷 Italians · Brazil
1517
-15
[KMNB] Dedão
7:00 Loom
9:11 Feudal Age
9:57 Double-Bit Axe
13:47 Fletching
15:32 Horse Collar
17:05 Town Watch
17:58 Wheelbarrow
21:18 Castle Age
19:33 Gold Mining
19:53 Padded Archer Armor
20:38 Stone Mining
21:20 Crossbowman
21:57 Bodkin Arrow
22:16 Bow Saw
23:26 Ballistics
26:39 Heavy Plow
27:38 Hand Cart
28:40 Leather Archer Armor
29:31 Town Watch
30:08 Thumb Ring
35:12 Imperial Age
35:00 Masonry
35:33 Stone Shaft Mining
35:09 Caravan
35:19 Town Patrol
37:01 Chemistry
36:04 Bracer
36:27 Conscription
35:51 Arbalester
38:02 Ring Archer Armor
37:38 Scale Barding Armor
37:44 Forging
38:07 Elite Genoese Crossbowman
39:06 Bloodlines
39:44 Husbandry
39:06 Light Cavalry
40:10 Chain Barding Armor
42:51 Plate Barding Armor
42:52 Iron Casting
[KMNB] Bandeira
6:15 Loom
9:44 Feudal Age
10:19 Double-Bit Axe
12:23 Forging
13:24 Bloodlines
13:41 Horse Collar
20:52 Castle Age
21:06 Scale Barding Armor
20:55 Gold Mining
22:13 Iron Casting
23:04 Husbandry
26:02 Wheelbarrow
28:24 Chain Barding Armor
35:30 Bow Saw
40:48 Imperial Age
38:55 Heavy Plow
45:15 Imperial Age
43:37 Light Cavalry
45:41 Hussar
47:25 Blast Furnace
47:08 Plate Barding Armor
[KMNB] Galodoido
8:44 Feudal Age
7:40 Loom
12:11 Fletching
17:21 Double-Bit Axe
18:48 Padded Archer Armor
22:38 Castle Age
20:38 Horse Collar
21:05 Gold Mining
22:38 Crossbowman
23:34 Bodkin Arrow
31:12 Masonry
31:55 Bow Saw
31:45 Heavy Plow
33:04 Leather Archer Armor
36:03 Ballistics
39:12 Imperial Age
38:51 Wheelbarrow
39:02 Gold Shaft Mining
39:27 Stone Mining
39:22 Arbalester
40:42 Bracer
41:50 Ring Archer Armor
43:26 Two-Man Saw
42:44 Hand Cart
43:24 Thumb Ring
42:39 Elite Skirmisher
44:47 Chemistry
44:05 Town Watch
46:20 Town Patrol
Anatoly
10:50 Feudal Age
9:42 Loom
11:44 Double-Bit Axe
21:47 Castle Age
20:17 Horse Collar
20:30 Gold Mining
23:04 Bow Saw
23:30 Fletching
25:37 Bodkin Arrow
28:16 Ballistics
30:44 Heavy Plow
36:03 Imperial Age
35:11 Stone Mining
35:57 Gold Shaft Mining
36:26 Wheelbarrow
36:14 Caravan
36:52 Elite War Wagon
37:34 Bracer
39:39 Conscription
39:22 Squires
40:25 Chemistry
42:21 Shinkichon
43:24 Scale Barding Armor
43:30 Forging
44:00 Light Cavalry
44:41 Husbandry
46:30 Hussar
48:21 Chain Barding Armor
Phenytoin
6:42 Loom
9:34 Feudal Age
10:15 Double-Bit Axe
10:30 Horse Collar
20:06 Castle Age
18:27 Fletching
18:41 Gold Mining
18:42 Stone Mining
21:55 Bow Saw
22:24 Heavy Plow
25:03 Bodkin Arrow
26:20 Wheelbarrow
31:13 Gold Shaft Mining
33:25 Imperial Age
31:04 Scale Barding Armor
31:11 Forging
33:10 Husbandry
33:32 Chain Barding Armor
33:48 Iron Casting
34:32 Conscription
34:50 Plate Barding Armor
35:59 Elite Cataphract
39:19 Two-Man Saw
38:55 Stone Shaft Mining
38:42 Caravan
40:58 Logistica
45:02 Coinage
44:53 Fortified Wall
47:39 Bracer
SpecialistArena7
8:23 Loom
10:56 Feudal Age
14:58 Castle Age
13:08 Horse Collar
13:31 Double-Bit Axe
14:49 Fletching
16:40 Bodkin Arrow
17:40 Padded Archer Armor
19:04 Bow Saw
21:42 Ballistics
22:55 Heavy Plow
28:15 Wheelbarrow
27:49 Gold Mining
29:48 Hand Cart
31:17 Gold Shaft Mining
30:33 Stone Mining
37:01 Imperial Age
35:08 Leather Archer Armor
37:41 Treadmill Crane
38:11 Masonry
38:54 Ring Archer Armor
38:49 Malon
39:01 Elite Bolas Rider
43:04 Elite Skirmisher
44:37 Architecture
45:07 Chemistry
44:13 Siege Engineers
45:07 Butalmapu
45:23 Conscription
45:17 Caravan
46:28 Murder Holes
Connection lost

Rejoining the realm…

Still unreachable

The connection could not be restored.

Session expired

The server has moved on; the page needs a fresh start.